Map: Proxima Station LE

Players

ReiGn

  • Race: Protoss Protoss
  • Spawn Location: 7:00

Zanster - Winner!

  • Race: Zerg Zerg
  • Spawn Location: 1:00

Event: WCS Valencia 2017

VOD

Have the link to the VOD?

Description

Time

  • Played on: July 13, 2017, 6:26 a.m.
  • Length: 8:10

All games in this series

Show
View Real Time Build Order
Export as new Build Order

ReiGn Protoss 

Build Orders: 1 Gate Expand 

Get SALT Encoding   

  12  0:00  Probe (Chrono Boost)  
  13  0:11  Probe (Chrono Boost)  
  14  0:18  Pylon  
  14  0:23  Probe (Chrono Boost)  
  15  0:36  Probe (Chrono Boost)  
  15  0:42  Gateway  
  16  0:46  Probe (Chrono Boost)  
  17  0:51  Assimilator  
  17  0:57  Probe (Chrono Boost)  
  18  1:08  Probe (Chrono Boost)  
  19  1:18  Probe (Chrono Boost)  
  20  1:29  Probe (Chrono Boost)  
  20  1:31  Cybernetics Core  
  21  1:39  Probe (Chrono Boost)  
  22  1:43  Nexus  
  22  1:51  Pylon  
  22  1:55  Assimilator  
  22  1:58  Probe (Chrono Boost)  
  23  2:10  Mothership Core (Chrono Boost)  
  23  2:12  Adept  
  27  2:25  Pylon  
  27  2:28  Probe (Chrono Boost)  
  28  2:38  Warp Gate  
  28  2:39  Probe (Chrono Boost), Adept  
  31  2:51  Pylon  
  31  2:55  Probe (Chrono Boost)  
  32  2:59  Pylon  
  32  3:00  Pylon  
  32  3:04  Pylon  
  33  3:05  Probe (Chrono Boost)  
  33  3:06  Probe (Chrono Boost)  
  34  3:23  Probe (Chrono Boost)  
  34  3:25  Sentry  
  34  3:26  Robotics Facility  
  37  3:35  Pylon  
  37  3:40  Probe (Chrono Boost)  
  37  3:41  Probe (Chrono Boost)  
  37  3:50  Probe (Chrono Boost)  
  37  3:51  Probe (Chrono Boost)  
  37  3:52  Sentry  
  40  4:01  Probe (Chrono Boost), Pylon  
  40  4:02  Probe (Chrono Boost)  
  42  4:11  Probe x2 (Chrono Boost)  
  42  4:16  Immortal (Chrono Boost)  
  48  4:18  Sentry  
  48  4:23  Probe  
  51  4:28  Gateway  
  51  4:30  Probe  
  51  4:31  Gateway  
  51  4:35  Probe  
  53  4:40  Probe  
  54  4:48  Probe  
  54  4:51  Immortal (Chrono Boost)  
  59  4:54  Probe, Sentry  
  59  4:55  Pylon  
  62  5:12  Probe  
  62  5:13  Probe  
  64  5:16  Nexus  
  64  5:18  Pylon  
  64  5:19  Pylon, Sentry  
  66  5:22  Probe  
  66  5:25  Probe, Stalker  
  70  5:34  Probe  
  70  5:36  Warp Prism (Chrono Boost)  
  70  5:37  Probe  
  70  5:39  Assimilator  
  70  5:40  Assimilator  
  74  5:45  Probe  
  76  5:50  Probe  
  76  5:56  Probe  
  76  5:59  Robotics Bay  
  76  6:02  Probe  
  78  6:05  Pylon  
  78  6:06  Probe  
  78  6:08  Observer (Chrono Boost)  
  78  6:10  Forge  
  80  6:12  Pylon  
  80  6:14  Twilight Council  
  80  6:16  Probe  
  80  6:17  Probe  
  82  6:25  Robotics Facility  
  82  6:27  Probe  
  82  6:28  Probe  
  84  6:34  Adept x3  
  90  6:40  Probe  
  90  6:42  Probe  
  92  6:54  Probe, Disruptor (Chrono Boost)  
  92  6:55  Probe x2  
  92  6:56  Assimilator  
  92  7:00  Assimilator  
  92  7:23  Adept x3  
  92  7:25  Disruptor (Chrono Boost)  
  92  7:29  Disruptor (Chrono Boost)  
  90  7:30  Pylon  
  90  7:32  Pylon  
  80  7:40  Probe  
  76  7:45  Sentry x3  
Show
View Real Time Build Order
Export as new Build Order

Zanster Zerg - Winner!

Build Orders: Hatch First 

Get SALT Encoding   

  12  0:01  Drone  
  13  0:13  Overlord  
  13  0:17  Drone  
  14  0:31  Drone x2  
  14  0:35  Drone  
  17  0:53  Hatchery  
  17  0:56  Drone  
  17  0:59  Drone  
  18  1:11  Extractor  
  18  1:14  Spawning Pool  
  18  1:17  Drone  
  17  1:19  Drone  
  18  1:30  Drone  
  19  1:39  Drone  
  20  1:51  Overlord  
  20  2:01  Queen  
  20  2:04  Queen  
  20  2:05  Zergling x4  
  26  2:12  Metabolic Boost  
  26  2:13  Drone  
  27  2:16  Drone  
  28  2:24  Drone  
  28  2:28  Drone  
  30  2:39  Hatchery, Drone  
  30  2:44  Queen  
  30  2:49  Overlord  
  32  2:52  Zergling x2  
  32  2:57  Zergling x2  
  32  2:58  Zergling x2  
  35  3:04  Zergling x2  
  36  3:08  Zergling x2  
  37  3:19  Zergling x14  
  43  3:27  Overlord  
  43  3:34  Queen  
  41  3:43  Drone  
  41  3:44  Drone x3  
  41  3:47  Drone  
  44  3:52  Drone  
  45  3:58  Drone  
  45  3:59  Drone x4  
  50  4:02  Overlord  
  50  4:09  Drone x2  
  52  4:13  Overlord  
  51  4:21  Drone  
  51  4:22  Drone  
  51  4:23  Drone  
  53  4:28  Drone x3  
  53  4:29  Drone  
  57  4:32  Overlord  
  57  4:33  Extractor, Roach Warren  
  57  4:36  Drone x3  
  57  4:39  Overlord  
  57  4:42  Drone  
  58  4:46  Evolution Chamber  
  58  4:47  Drone  
  58  4:48  Drone  
  60  4:52  Drone  
  60  4:53  Drone x3  
  60  4:57  Overlord  
  60  4:59  Spine Crawler  
  62  5:02  Extractor, Overlord  
  61  5:13  Zerg Melee Weapons Level 1  
  62  5:14  Roach x4  
  62  5:17  Roach  
  62  5:19  Zergling x2  
  62  5:20  Zergling x6  
  74  5:22  Overlord  
  73  5:29  Zergling x10, Roach x2  
  73  5:32  Overlord  
  82  5:39  Overlord  
  82  5:42  Zergling x4, Roach  
  86  5:44  Overlord  
  86  5:46  Overlord  
  86  5:48  Lair  
  86  5:53  Zergling x2, Roach  
  86  5:54  Zergling x2  
  86  5:56  Zergling x6  
  93  6:09  Zergling x12  
  93  6:10  Zergling x2  
  93  6:11  Zergling x2  
  101  6:18  Roach x2  
  105  6:19  Ravager  
  105  6:20  Ravager  
  105  6:23  Overlord  
  107  6:27  Zergling x8  
  110  6:37  Drone x8  
  118  6:43  Extractor  
  117  6:51  Ravager x4, Hatchery  
  117  6:52  Drone x6  
  126  6:54  Drone  
  126  6:59  Overlord  
  127  7:04  Zergling x4  
  127  7:07  Overlord  
  128  7:13  Extractor  
  128  7:15  Extractor, Queen  
  121  7:19  Zergling x16  
  110  7:33  Zergling x12  
  111  7:42  Spire  
  107  7:47  Zergling x2  
  107  7:48  Zergling x10  
  110  7:51  Zergling x2  
Tags
 
Add a new tag
Caveats
  • Supply blocks, unpowered buildings, or Contaminate may cause inaccurate times.
  • Supply counts are checked every 10 seconds.